 Dungeon Crawl Stone Soup version 0.18.1-50-g88ac8fd (webtiles) character file.

3 Amnesiac the Shield-Bearer (level 1, 0/11 HPs)
             Began as a Vine Stalker Fighter on Mar 11, 2018.
             Slain by a worm (6 damage)
             ... on level 1 of the Dungeon.
             The game lasted 00:00:15 (53 turns).

Amnesiac the Shield-Bearer (Vine Stalker Fighter)     Turns: 53, Time: 00:00:16

Health: 0/11       AC:  6    Str: 18    XL:     1   Next: 50%
Magic:  0/2        EV:  7    Int:  8    God:
Gold:   6          SH:  9    Dex: 13    Spells: 0 memorised, 0 levels left

rFire  . . .     SeeInvis .     a - +0 rapier
rCold  . . .     Gourm    .     b - +0 scale mail
rNeg   . . .     Faith    .     c - +0 shield
rPois  .         Spirit   +     (no helmet)
rElec  .         Dismiss  .     (no cloak)
rCorr  .         Reflect  .     (no gloves)
SustAt .         Harm     .     (no boots)
MR     .....                    (no amulet)
Stlth  ..........               (no ring)
                                (no ring)

@: not resistant to hostile enchantments, extremely unstealthy
A: fangs 2, regeneration 1, magic shield, antimagic bite, no device heal 3, rot
immunity
a: no special abilities


You were on level 1 of the Dungeon.
You were not hungry.

You visited 1 branch of the dungeon, and saw 2 of its levels.

You collected 6 gold pieces.

Inventory:

Hand Weapons
 a - a +0 rapier (weapon)
Armour
 b - a +0 scale mail (worn)
 c - a +0 shield (worn)
Potions
 d - a potion of might {!q}
Comestibles
 f - a bread ration


   Skills:
 - Level 2.6 Fighting
 + Level 2.1 Short Blades
 - Level 2.4 Armour
 - Level 2.6 Shields


You couldn't memorise any spells.
You didn't know any spells.

Dungeon Overview and Level Annotations

Branches:
Dungeon (2/15)

Altars:


Innate Abilities, Weirdness & Mutations

You have extremely sharp teeth.
Your natural rate of healing is unusually fast.
When hurt, damage is shared between your health and your magic reserves.
Your bite disrupts and absorbs the magic of your enemies.
Potions and wands cannot restore your health.
You are immune to rotting.


Message History

The dart slug bites you but does no damage.
You closely miss the bat. The bat hits you but does no damage.
The dart slug bites you.
* * * LOW HITPOINT WARNING * * *
You hit the dart slug. You bite the dart slug. You drain its power.
You feel invigorated.
The dart slug is severely wounded.
The bat barely misses you. The dart slug barely misses you.
You hit the dart slug but do no damage.
The dart slug is severely wounded.
The bat hits you but does no damage.
The dart slug bites you but does no damage.
You hit the dart slug.
The dart slug is almost dead.
You block the bat's attack.
You hit the dart slug.
You kill the dart slug!
Your Short Blades skill increases to level 2!
The bat hits you but does no damage. The bat hits you but does no damage.
You miss the bat. The bat hits you. You block the bat's attack.
The bat hits you but does no damage. The bat hits you but does no damage.
You block the bat's attack.
You hit the bat but do no damage. The bat barely misses you.
You hit the bat but do no damage. The bat hits you but does no damage.
You block the bat's attack. You block the bat's attack.
You block the bat's attack. x2
You block the bat's attack. The bat closely misses you.
The bat hits you but does no damage.
You hit the bat.
The bat is severely wounded.
The bat barely misses you. The bat barely misses you.
You hit the bat.
You kill the bat!
No target in view!
No target in view!
You now have 6 gold pieces.
There is a stone staircase leading down here.
You climb downwards.
A worm and a kobold come into view.
The kobold shouts!
Found 9 gold pieces.
There is a stone staircase leading up here.
The kobold throws a stone.
You block the stone.
The kobold throws a stone.
The stone hits you but does no damage.
The kobold throws a stone.
The stone hits you but does no damage.
A rat comes into view.
You climb upwards.
There is a stone staircase leading down here.
You puncture the worm!
The worm is moderately wounded.
The worm bites you.
You hit the worm.
The worm is severely wounded.
You block the worm's attack.
You hit the worm. You bite the worm. You drain its power.
You feel invigorated.
The worm is almost dead.
The worm bites you!
Ouch! That really hurt!
You die...

#.#..#######
###..........#
.....)......# #..........#
#..........# #..........#
#..........###
#.............. #####
#@.........####
####...####w............
###.........####.#########
.......<.........#
###.........######
####...#### #####


You could see a worm.

Vanquished Creatures
  A dart slug (D:1)
  A bat (D:1)
2 creatures vanquished.

Notes
Turn   | Place    | Note
--------------------------------------------------------------
     0 | D:1      | Amnesiac the Vine Stalker Fighter began the quest for the Orb.
     0 | D:1      | Reached XP level 1. HP: 11/11 MP: 2/2
    53 | D:1      | Slain by a worm

Skill      XL: |  1 |
---------------+----+-----
Short Blades   | 2 |  2.1
Fighting       | |  2.6
Armour         | |  2.4
Shields        | |  2.6

Action                   || total
-------------------------++-------
Melee: Rapier            ||    14
       Bite              ||     2
Armor: Scale mail        ||    13
Dodge: Dodged            ||     6
Block: Shield            ||    13
